 Dungeon Crawl Stone Soup version 0.25.1-2-g60ff931df9 (webtiles) character file.

Game seed: 11618371840018802099

11934 gruber the Fencer (level 11, -1/97 HPs)
             Began as a Minotaur Fighter on Aug 21, 2020.
             Was a High Priest of Okawaru.
             Slain by a large abomination (4 damage)
             ... on level 1 of the Abyss.
             The game lasted 00:17:39 (11934 turns).

gruber the Fencer (Minotaur Fighter)               Turns: 11934, Time: 00:17:40

Health: -1/97      AC: 10    Str: 21    XL:     11   Next: 55%
Magic:  10/10      EV: 10    Int:  5    God:    Okawaru [*****.]
Gold:   1265       SH: 11    Dex: 11    Spells: 10/10 levels left

rFire    . . .     SeeInvis .   U - +4 long sword
rCold    + . .     Gourm    .   c - +0 kite shield
rNeg     . . .     Faith    .   n - +0 scale mail {rC+}
rPois    +         Spirit   .   (helmet restricted)
rElec    .         Reflect  .   b - scarf {repulsion}
rCorr    .         Harm     .   D - +1 pair of gloves
MR       .....                  (no boots)
Stlth    ..........             w - amulet of magic regeneration
HPRegen  0.26/turn              m - ring of poison resistance
MPRegen  0.37/turn              B - ring of wizardry

@: lightly drained, repel missiles
A: retaliatory headbutt, horns 2, screaming 1, weak 1
a: Heroism, Finesse, Renounce Religion


You were on level 1 of the Abyss.
You worshipped Okawaru.
Okawaru was extremely pleased with you.
You were not hungry.

You visited 2 branches of the dungeon, and saw 11 of its levels.
You visited the Abyss 1 time.
You also visited: Ossuary and Bailey.

You collected 1265 gold pieces.

Inventory:

Hand Weapons
 z - the +1 long sword of the Insatiable Tables {protect, *Noise rElec Str+4 Stlth+}
   (You found it on level 6 of the Dungeon)

   It grants its wielder temporary protection when it strikes (+7 to AC).
   It affects your strength (+4).
   It insulates you from electricity.
   It may make noises in combat.
   It makes you more stealthy.
 U - a +4 long sword (weapon)
 V - a +4 short sword of freezing
Missiles
 s - 22 poisoned darts (quivered)
 t - 3 throwing nets
 I - 3 atropa-tipped darts
 Q - 6 curare-tipped darts
Armour
 b - a scarf of repulsion (worn)
 c - a +0 kite shield (worn)
 n - a +0 scale mail of cold resistance (worn)
 D - a +1 pair of gloves (worn)
Jewellery
 m - a ring of poison resistance (left hand)
 w - an amulet of magic regeneration (around neck)
 y - an uncursed ring of see invisible
 B - a ring of wizardry (right hand)
 S - the ring of Coronation {rPois rN+, unknown}
   (You found it on level 9 of the Dungeon)

   [ring of positive energy]

   It protects you from poison.
   It protects you from negative energy.
Wands
 h - a wand of disintegration (10)
 p - a wand of paralysis (5)
 A - a wand of flame (17)
 G - a wand of digging (4)
 M - a wand of random effects (17)
Scrolls
 a - a scroll of blinking
 g - 3 scrolls of noise
 i - 3 scrolls of fear
 j - 11 scrolls of teleportation
 k - 15 scrolls of identify
 l - 3 scrolls of remove curse
 o - 3 scrolls of enchant weapon
 q - 2 scrolls of magic mapping
 r - a scroll of amnesia
 u - 2 scrolls of immolation
 L - 3 scrolls of enchant armour
 N - a scroll of random uselessness
Potions
 d - a potion of might
 e - 2 potions of ambrosia {unknown}
 v - 3 potions of brilliance {unknown}
 x - a potion of stabbing {unknown}
 C - a potion of cancellation {unknown}
 E - a potion of magic {unknown}
 F - 4 potions of lignification {unknown}
 H - 3 potions of heal wounds {unknown}
 J - 2 potions of degeneration {unknown}
 K - 5 potions of curing {unknown}
 O - 3 potions of haste {unknown}
 P - a potion of mutation {unknown}
 R - 2 potions of berserk rage {unknown}
Miscellaneous
 T - a phial of floods
Comestibles
 f - 23 rations
 W - 2 chunks of flesh


   Skills:
 - Level 9.0(8.7) Fighting
 - Level 16.2(15.9) Long Blades
 + Level 8.1(7.8) Armour
 + Level 4.1(3.8) Dodging
 + Level 8.2(7.9) Shields


You had 10 spell levels left.
You didn't know any spells.
Your spell library contained the following spells:

 Spells                   Type           Power        Failure   Level  Hunger
 Confusing Touch          Hex            #.......     97%         3    ####...
 Gell's Gravitas          Tloc           #.........   97%         3    ####...
 Recall                   Summ/Tloc      N/A          97%         3    ####...
 Petrify                  Tmut/Erth      #.......     100%        4    #####..
 Aura of Abjuration       Summ           #.........   100%        5    ######.
 Metabolic Englaciation   Hex/Ice        #.........   100%        5    ######.
 Summon Demon             Summ           #.........   100%        5    ######.
 Summon Forest            Summ/Tloc      #.........   100%        5    ######.
 Summon Mana Viper        Hex/Summ       #.......     100%        5    ######.
 Yara's Violent Unravell  Hex/Tmut       #.........   100%        5    ######.
 Shadow Creatures         Summ           N/A          100%        6    #######


Dungeon Overview and Level Annotations

Branches:
Dungeon (10/15)            Temple (1/1) D:6            Lair (0/6) D:8
    Orc (0/2) D:10        Ossuary (visited)          Bailey (visited)

Altars:
Cheibriados
Fedhas
Gozag
Okawaru
Qazlal
Uskayaw
Wu Jian
Xom
The Shining One

Shops:
D:5 :   D:7 *   D:8 (

Portals:
Abyss: D:4

Annotations:
D:4 2 transporters, Kold's ghost, amateur OpTm
D:5 2 transporters
D:10 Erolcha


Innate Abilities, Weirdness & Mutations

You reflexively headbutt those who attack you in melee.
You have a pair of horns on your head.
You occasionally shout uncontrollably at your foes.
You are weak. (Str -2)


Message History

* * * LOW HITPOINT WARNING * * *
The rakshasa hits you with a +4 trident.
* * * LOW HITPOINT WARNING * * *
Unknown command.
Unknown command.
Unknown command.
You hit the rakshasa. Your headbutt misses the rakshasa.
The rakshasa is heavily wounded.
You feel like a meek peon again.
The quasit bites you but does no damage.
The quasit barely misses you. You block the quasit's attack.
The large abomination misses you.
You closely miss the rakshasa. Your headbutt misses the rakshasa.
The rakshasa is heavily wounded.
You block the quasit's attack. x2
The quasit claws you but does no damage.
The rakshasa hits you with a +4 trident!
* * * LOW HITPOINT WARNING * * *
The large abomination hits you.
You die...

## #.# .. ###.# ≈≈.. .
...# ≈≈.. .# # #..#
≈≈§. # ###..# #####
##≈≈≈. #..#
.###...###...## ..
.....#.....#.....#.. .
.............X........
##
.##..........@R......
#..##...........5......
.
.......#.....#.....#..
.....(..###...###...##
##..##...#.....#.....#
#..##........ .......
.. . .. .............).
..... ... ........
...... . ... .


You could see a rakshasa, a large abomination and a quasit.

Vanquished Creatures
  Harold (D:7)
  A hydra (D:8)
  A two-headed ogre (D:8)
  2 orc knights (Bailey)
  Joseph (D:7)
  A gargoyle (D:10)
  A centaur skeleton (D:8)
  3 trolls
  Grinder (D:5)
  2 hippogriffs
  2 dream sheep (D:8)
  7 yaks
  Eustachio (D:4)
  A neqoxec (Abyss:1)
  A hungry ghost (D:9)
  Duvessa (D:5)
  A porcupine (D:8)
  2 small abominations (Abyss:1)
  4 orc warriors
  2 ice beasts
  2 sky beasts
  A necrophage (D:9)
  A phantom (D:6)
  4 ogres
  A centaur (D:7)
  8 big kobolds
  4 bullfrogs
  Dowan (D:5)
  3 scorpions
  13 wights
  3 crimson imps
  2 centaur zombies
  6 hounds
  Crazy Yiuf (D:3)
  A bullfrog skeleton (D:7)
  5 bullfrog zombies
  2 jellies
  2 orc priests
  9 orc wizards
  Terence (D:2)
  2 iguanas
  11 mummies (Ossuary)
  7 worker ants
  4 killer bee zombies
  7 hound zombies
  5 worker ant zombies
  7 adders
  3 gnolls (Bailey)
  5 adder zombies
  6 worms
  A dart slug (D:2)
  6 leopard geckos
  40 orcs
  8 giant cockroaches
  11 goblins
  11 hobgoblins
  8 jackals
  6 quokkas
  13 bats
  6 frilled lizards
  A giant cockroach zombie (Ossuary)
  A jackal zombie (D:8)
  42 kobolds
  A quokka zombie (D:9)
  5 rats
323 creatures vanquished.

Vanquished Creatures (others)
  A lurking horror (Abyss:1)
  2 plants (D:8)
  A withered plant (Ossuary)
4 creatures vanquished.

Grand Total: 327 creatures vanquished

Notes
Turn   | Place    | Note
-------+----------+-------------------------------------------
     0 | D:1      | gruber the Minotaur Fighter began the quest for the Orb.
     0 | D:1      | Reached XP level 1. HP: 19/19 MP: 0/0
   128 | D:1      | Reached skill level 3 in Long Blades
   167 | D:1      | Reached XP level 2. HP: 25/26 MP: 1/1
   618 | D:1      | Reached skill level 4 in Long Blades
   953 | D:2      | Reached XP level 3. HP: 21/31 MP: 2/2
  1345 | D:2      | Noticed Terence
  1362 | D:2      | Killed Terence
  1362 | D:2      | Reached skill level 5 in Long Blades
  1466 | D:2      | Reached XP level 4. HP: 39/39 MP: 3/3
  2054 | D:3      | Reached skill level 6 in Long Blades
  2188 | D:3      | Reached XP level 5. HP: 42/45 MP: 4/4
  2397 | D:3      | Found a runed translucent door.
  2398 | D:3      | Noticed Crazy Yiuf
  2409 | D:3      | Killed Crazy Yiuf
  2409 | D:3      | Reached skill level 7 in Long Blades
  2792 | D:3      | Found a faded altar of an unknown god.
  2911 | D:4      | Noticed Eustachio
  3326 | D:4      | Killed Eustachio
  3326 | D:4      | Reached skill level 8 in Long Blades
  3326 | D:4      | Reached XP level 6. HP: 28/51 MP: 5/5
  3675 | D:4      | Found a one-way gate to the infinite horrors of the Abyss.
  3675 | D:4      | Noticed Kold's ghost (amateur OpTm)
  3676 | D:4      | Noticed a small abomination
  3688 | D:4      | Found a transporter.
  4230 | D:4      | Found a transporter.
  4231 | D:4      | Identified the +6 dagger "Axucoef" {distort, *Drain rPois
                  | Dex+2}
  4344 | D:5      | Entered Level 5 of the Dungeon
  4351 | D:5      | Noticed an ice beast
  4359 | D:5      | Killed an ice beast
  4359 | D:5      | Reached skill level 9 in Long Blades
  4452 | D:5      | Noticed Grinder
  4455 | D:5      | Found a transporter.
  4464 | D:5      | Killed Grinder
  4464 | D:5      | Reached skill level 1 in Dodging
  4464 | D:5      | Reached XP level 7. HP: 46/57 MP: 6/6
  4675 | D:5      | Found a transporter.
  4811 | D:5      | Reached skill level 5 in Armour
  4938 | D:5      | Found a glowing golden altar of the Shining One.
  4938 | D:5      | Noticed Duvessa
  4938 | D:5      | Noticed Dowan
  4946 | D:5      | Killed Duvessa
  4946 | D:5      | Reached skill level 5 in Shields
  4947 | D:5      | Killed Dowan
  5026 | D:5      | Reached XP level 8. HP: 58/64 MP: 7/7
  5090 | D:5      | Found Peut's Book Emporium.
  5274 | D:6      | Found a staircase to the Ecumenical Temple.
  5300 | D:6      | Got a brightly glowing long sword
  5301 | D:6      | Identified the cursed +1 long sword of the Insatiable
                  | Tables {protect, *Noise rElec Str+4 Stlth+} (You found it
                  | on level 6 of the Dungeon)
  5933 | Temple   | Entered the Ecumenical Temple
  5939 | Temple   | Became a worshipper of Warmaster Okawaru
  6001 | D:7      | Found Gozag's Platinum Reserve.
  6151 | D:7      | Found an opulent altar of Gozag.
  6284 | D:7      | Reached * piety under Okawaru
  6435 | D:7      | Found a shimmering altar of Xom.
  6626 | D:7      | Reached XP level 9. HP: 59/70 MP: 8/8
  6634 | D:7      | Noticed Harold
  6665 | D:7      | Killed Harold
  6665 | D:7      | Reached ** piety under Okawaru
  6975 | D:7      | Noticed Joseph
  7646 | D:7      | Killed Joseph
  7738 | D:8      | Found Wunwin's Weapon Boutique.
  7770 | D:8      | Reached *** piety under Okawaru
  7774 | D:8      | Found a sand-covered staircase.
  7779 | Ossuary  | Entered an ossuary
  7795 | Ossuary  | Reached skill level 10 in Long Blades
  8004 | Ossuary  | Reached XP level 10. HP: 91/91 MP: 9/9
  8245 | D:8      | Got a crude short sword
  8246 | D:8      | Identified the +0 short sword "Ox" {chaos, rElec rC+ Dex-3}
                  | (You found it on level 8 of the Dungeon)
  8283 | D:8      | Reached skill level 11 in Long Blades
  8595 | D:8      | Noticed a two-headed ogre
  8603 | D:8      | Killed a two-headed ogre
  8603 | D:8      | Reached **** piety under Okawaru
  8603 | D:8      | Reached skill level 12 in Long Blades
  8849 | D:8      | Identified the +7 halberd "Tawk" {pain, *Corrode +Inv rElec
                  | rPois}
  9076 | D:8      | Reached skill level 13 in Long Blades
  9200 | D:8      | Noticed a three-headed hydra
  9217 | D:8      | Killed a five-headed hydra
  9339 | D:8      | Found a staircase to the Lair.
  9348 | D:8      | Reached skill level 14 in Long Blades
  9487 | D:9      | Reached ***** piety under Okawaru
  9499 | D:9      | Received a gift from Okawaru
  9514 | D:9      | Reached XP level 11. HP: 67/97 MP: 10/10
  9721 | D:9      | Got a faintly glowing marble ring
 10448 | D:9      | Reached skill level 15 in Long Blades
 10571 | D:10     | Entered Level 10 of the Dungeon
 10726 | D:10     | Found a flagged portal.
 10757 | Bailey   | Entered a bailey
 10827 | Bailey   | Noticed an orc knight
 10857 | Bailey   | Killed an orc knight
 10864 | Bailey   | Noticed an orc knight
 10882 | Bailey   | Killed an orc knight
 11340 | D:10     | Found a staircase to the Orcish Mines.
 11520 | D:10     | Reached skill level 16 in Long Blades
 11546 | D:10     | Received a gift from Okawaru
 11781 | D:10     | Noticed Erolcha
 11786 | D:10     | Cast into level 1 of the Abyss (Erolcha)
 11918 | Abyss:1  | Gained mutation: You are weak. (Str -2) [a neqoxec]
 11918 | Abyss:1  | Noticed a rakshasa
 11923 | Abyss:1  | Gained mutation: You occasionally shout uncontrollably at
                  | your foes. [a neqoxec]
 11934 | Abyss:1  | HP: 3/97 [rakshasa/+4 trident (9)]
 11934 | Abyss:1  | Slain by a large abomination

Illustrated notes

Levels and vault maps discovered:
D:1:      dpeg_arrival_shelter, layout_basic, minmay_small_reverse_x
D:2:      layout_basic, uniq_terence
D:3:      layout_loops_cross, chequers_ecumenical_altar_simple,
          serial_park_tiny_2, uniq_crazy_yiuf_cottage
D:4:      layout_gridville, gammafunk_ghost_abyssal_escape, first_ration,
          uniq_eustachio
D:5:      gammafunk_wand_slinger, layout_gridville, tso_altar, serial_shops,
          shop, palyth_stone_intersect, uniq_duvessa, uniq_grinder
D:6:      layout_loops_ring, minmay_temple_entry_wispy
D:7:      layout_layer_cave, basic_altar, nicolae_gozag_zags_fifth_avenue,
          uniq_joseph, uniq_harold
D:8:      layout_rooms, grunt_lair_entry_orc_guard_hut, enter_ossuary_3,
          serial_shops, shop, hangedman_ranch [blue_anna_fruit_fields],
          minmay_quadrilaterals
D:9:      layout_grid_maze
D:10:     layout_loops_ring, orc_0_dummy, enter_bailey_3, uniq_erolcha
Temple:   nicolae_temple_the_god_donut
Abyss:1:  base:
D:6

Skill      XL: |  1  2  3  4  5  6  7  8  9 10 11 |
---------------+----------------------------------+-----
Long Blades    | 3 4 5 6 8 9 10 14 16 | 16.2
Armour         | 4 5 7 8 |  8.1
Dodging        | 1 2 4 |  4.1
Shields        | 4 5 7 8 |  8.2
Fighting       | 9 |  9.0

Action                   |  1- 3 |  4- 6 |  7- 9 | 10-12 || total
-------------------------+-------+-------+-------+-------++-------
Melee: Long sword        |    90 |   183 |   293 |   465 ||  1031
       Headbutt          |    12 |    41 |    68 |    90 ||   211
       Unarmed           |       |       |     4 |       ||     4
Throw: Dart              |       |    13 |     8 |    25 ||    46
       Throwing net      |       |     2 |       |       ||     2
Invok: Heroism           |       |       |       |     4 ||     4
       Finesse           |       |       |       |     2 ||     2
Evoke: Wand              |       |     2 |     9 |     6 ||    17
  Use: Scroll            |       |       |       |    12 ||    12
       Potion            |       |       |       |     1 ||     1
 Stab: Paralysed         |       |     4 |       |     2 ||     6
  Eat: Chunk             |     2 |     9 |     8 |    11 ||    30
       Ration            |       |       |     1 |     1 ||     2
Armor: Scale mail        |    60 |    82 |    84 |   140 ||   366
       Skin              |       |       |    11 |       ||    11
Dodge: Dodged            |    30 |    58 |    72 |   213 ||   373
       Repelled          |       |     2 |     5 |    53 ||    60
Block: Kite shield       |    53 |   101 |   133 |   352 ||   639
       Rpst.: Long sword |    10 |    23 |    16 |    31 ||    80
